 Dungeon Crawl Stone Soup version 0.31-a0-1591-g515db51 (webtiles) character file.

Game seed: 17703740240176420008

537 porkupine the Apothecary (level 7, -3/5 HPs)
             Began as a Demonspawn Alchemist on Jan 6, 2024.
             Was a Follower of Fedhas.
             Slain by Menkaure (8 damage)
             ... on level 5 of the Dungeon.
             The game lasted 00:13:07 (5520 turns).

porkupine the Apothecary (Demonspawn Alchemist)     Turns: 5520, Time: 00:13:08

Health: -3/5       AC:  4    Str:  8    XL:     7   Next: 5%
Magic:  12/12      EV: 13    Int: 18    God:    Fedhas [*.....]
Gold:   274        SH:  0    Dex: 13    Spells: 6/12 levels left

rFire   + . .        p - melded +2 dagger (drain)
rCold   . . .        (shield currently unavailable)
rNeg    . . .        o - +2 robe {rF+}
rPois   .            s - +0 helmet
rElec   .            (no cloak)
rCorr   .            (gloves currently unavailable)
SInv    .            (no boots)
Will    .....        n - amulet of faith
Stlth   ++           (no ring)
HPRegen 0.20/turn    (no ring)
MPRegen 0.13/turn

%: faith
@: blade hands
A: reduced hp, (claws 2), rugged brown scales 1, powered by pain 1
a: Begin Untransformation, Renounce Religion


You were on level 5 of the Dungeon.
You worshipped Fedhas.
Fedhas was aware of your devotion.
You had blades for hands.
You visited 1 branch of the dungeon, and saw 5 of its levels.

You collected 274 gold pieces.

Inventory:

Hand Weapons
 f - a +0 mace
 p - a +2 dagger of draining (melded)
Missiles
 q - 18 poisoned darts
Armour
 o - a +2 robe of fire resistance (worn)
 s - a +0 helmet (worn)
Jewellery
 n - an amulet of faith (around neck)
Talismans
 j - a blade talisman (active)
 r - a maw talisman
Scrolls
 c - a scroll of fear
 g - 2 scrolls of teleportation
 i - 2 scrolls of amnesia {unknown}
 l - a scroll of enchant armour {unknown}
 m - a scroll of fog {unknown}
Potions
 a - a potion of heal wounds {unknown}
 b - 3 potions of magic
 d - 2 potions of curing {unknown}
 e - a potion of berserk rage {unknown}
 k - a potion of attraction {unknown}
 t - a potion of cancellation {unknown}


   Skills:
 + Level 2.6 Fighting
 + Level 3.3 Dodging
 - Level 2.0 Stealth
 + Level 3.3 Spellcasting
 + Level 3.1 Conjurations
 + Level 2.1 Air Magic
 + Level 4.2 Alchemy


You had 6 spell levels left.
You knew the following spells:

 Your Spells              Type           Power      Damage    Failure   Level
a - Sting                 Conj/Alch      64%        1d7       3%          1
b - Mercury Vapours       Alch/Air       28%        N/A       6%          2
c - Mephitic Cloud        Conj/Alch/Air  14%        N/A       13%         3

Your spell library contained the following spells:

 Spells                   Type           Power      Damage    Failure   Level
 Static Discharge         Conj/Air       24%        3-4/arc   9%          2
 Olgreb's Toxic Radiance  Alch           18%        N/A       26%         4
 Airstrike                Air            5%         2d(1-17)  54%         4
 Sticky Flame             Fire/Alch      10%        2d5       54%         4
 Summon Lightning Spire   Summ/Air       6%         N/A       71%         4
 Summon Forest            Summ/Tloc      1%         N/A       99%         5
 Eringya's Noxious Bog    Alch           9%         4d6       99%         6
 Summon Hydra             Summ           1%         N/A       100%        7


Dungeon Overview and Level Annotations

Branches:
Dungeon (5/15)
 Temple: D:4-7

Altars:
Fedhas
Qazlal
Yredelemnul

Annotations:
D:5 Menkaure


Innate Abilities, Weirdness & Mutations

You have blades for hands.
Your maximum health is decreased, since you lack skill for your form.
You are incapable of wielding weapons or throwing items.
((You have very sharp fingernails.))
You are partially covered in rugged brown scales. (AC +1, +3% HP)
You sometimes gain a little power by taking damage.


Message History

Rugged brown scales grow over part of your body.
There is a stone staircase leading up here.
You climb upwards.
There is a stone staircase leading down here.
You climb downwards.
There is a stone staircase leading up here.
You start resting.
HP restored.
You start resting.
Magic restored.
As you read the scroll labelled FEAFY FOHEN, it crumbles to dust.
You assume a fearsome visage.
Nothing appears to happen.
It was a scroll of fear.
As you read the scroll labelled EWONEI ESEI, it crumbles to dust.
You feel strangely unstable.
It was a scroll of teleportation.
The air fills with toxic fumes!
As you read the scroll labelled TUSHRE HUOCISO, it crumbles to dust.
It was a scroll of poison.
You stop ascending the stairs.
Your surroundings suddenly seem different.
Menkaure, Prince of Dust comes into view.
Menkaure shouts!
You hear an angry growl.
Casting: Sting (safe; 3% risk of failure)
Confirm with . or Enter, or press ? or * to list all spells.
Okay, then.
Menkaure is nearby!
Menkaure barely misses you.
You begin transforming.
You continue transforming. x2
Menkaure closely misses you.
You continue transforming.
Menkaure barely misses you.
Your claws turn into razor-sharp scythe blades.
Your +2 dagger of draining melds into your body.
HP restored.
You hit Menkaure.
Menkaure is lightly damaged.
Menkaure hits you!
Ouch! That really hurt!
You die...
Fedhas appreciates your contribution to the ecosystem.

############.##
.......@M.....#
##########.h...
..# # ### #..


You could see a black bear and Menkaure.

Vanquished Creatures
  Edmund (D:4)
  An ogre (D:5)
  2 hounds
  3 orc priests (D:3)
  A jelly (D:4)
  An iguana (D:5)
  3 gnolls (D:4)
  4 adders
  A ribbon worm (D:3)
  4 orcs (D:3)
  7 endoplasms
  3 giant cockroaches
  9 goblins
  6 hobgoblins
  A jackal (D:5)
  5 kobolds
  2 quokkas
  6 ball pythons
  4 bats
  2 frilled lizards (D:1)
  3 rats
69 creatures vanquished.

Notes
Turn   | Place    | Note
-------+----------+-------------------------------------------
     0 | D:1      | porkupine the Demonspawn Alchemist began the quest for the
                  | Orb.
     0 | D:1      | Reached XP level 1. HP: 13/13 MP: 3/3
   490 | D:1      | Gained mutation: You have sharp fingernails. [demonic
                  | ancestry]
   490 | D:1      | Reached XP level 2. HP: 19/19 MP: 0/5
   640 | D:1      | Learned a level 2 spell: Mercury Vapours
  1803 | D:2      | Reached XP level 3. HP: 25/25 MP: 3/6
  2082 | D:2      | Learned a level 3 spell: Mephitic Cloud
  2482 | D:3      | Found a blossoming altar of Fedhas.
  2486 | D:3      | Became a worshipper of Fedhas Madash
  2829 | D:3      | Reached skill level 1 in Fighting
  2894 | D:3      | Gained mutation: You sometimes gain a little power by
                  | taking damage. [demonic ancestry]
  2894 | D:3      | Reached XP level 4. HP: 32/32 MP: 1/7
  3072 | D:3      | Found a basalt altar of Yredelemnul.
  3397 | D:3      | Reached skill level 1 in Air Magic
  3397 | D:3      | Gained mutation: You have very sharp fingernails. [demonic
                  | ancestry]
  3397 | D:3      | Reached XP level 5. HP: 37/37 MP: 1/9
  3563 | D:3      | Found a stormy altar of Qazlal.
  4558 | D:4      | Reached * piety under Fedhas
  4981 | D:4      | Noticed Edmund
  4992 | D:4      | Killed Edmund
  4993 | D:4      | Reached skill level 4 in Alchemy
  4993 | D:4      | Reached XP level 6. HP: 45/45 MP: 0/10
  5277 | D:5      | Entered Level 5 of the Dungeon
  5422 | D:5      | Gained mutation: You are partially covered in rugged brown
                  | scales. (AC +1, +3% HP) [demonic ancestry]
  5422 | D:5      | Reached XP level 7. HP: 40/52 MP: 0/12
  5515 | D:5      | Noticed Menkaure
  5520 | D:5      | Slain by Menkaure

Illustrated notes

Levels and vault maps discovered:
D:1:      beargit_arrival_greenhouse, layout_basic
D:2:      layout_basic, kennysheep_flooded_box, minivault_25, hex_intersection,
          hangedman_abyss_or_decor_stabs
D:3:      layout_basic, mainiacjoe_overflow_catwalk,
          mainiacjoe_overflow_alcove_4, lemuel_doored_altar
D:4:      layout_basic, chequers_jeans, uniq_edmund
D:5:      layout_loops_ring, minmay_misc_feat_room, minmay_between,
          uniq_menkaure

Skill      XL: |  1  2  3  4  5  6 |
---------------+-------------------+-----
Stealth        | 2 |  2.0
Dodging        | 2 3 |  3.3
Fighting       | 1 2 |  2.6
Conjurations   | 2 3 |  3.1
Air Magic      | 1 2 |  2.1
Spellcasting   | 3 |  3.3
Alchemy        | 4 |  4.2

Action                     |  1- 3 |  4- 6 |  7- 9 || total
---------------------------+-------+-------+-------++-------
  Melee: Mace              |    14 |     2 |       ||    16
         Dagger            |     1 |    42 |       ||    43
         Unarmed           |       |       |     1 ||     1
   Cast: Sting             |    71 |    55 |       ||   126
         Mercury Vapours   |     2 |     6 |       ||     8
         Mephitic Cloud    |       |    10 |       ||    10
    Use: Scroll            |       |       |     3 ||     3
   Stab: Sleeping          |       |     4 |       ||     4
         Confused          |       |     1 |       ||     1
 Armour: Robe              |    14 |    24 |     1 ||    39
  Dodge: Dodged            |    21 |    34 |     3 ||    58
   Form: Blade             |       |       |     1 ||     1

Table legend: (Time is in decaauts)
 A = Elapsed time spent in this place.
 B = Non-inter-level travel time spent in this place.
 C = Inter-level travel time spent in this place.
 D = Time resting spent in this place.
 E = Time spent auto-exploring this place.
 F = Levels seen in this place.
 G = Mean time per level.
                   A        B        C        D        E       F      G
               +--------+--------+--------+--------+--------+-----+--------+
         Total |   5526 |   5219 |    307 |     78 |   4539 |   5 | 1105.2 |
       Dungeon |   5526 |   5219 |    307 |     78 |   4539 |   5 | 1105.2 |
               +--------+--------+--------+--------+--------+-----+--------+

Top non-repeatable levels by time:
     D:3: 1891 daAuts
     D:1: 1254 daAuts
     D:4: 1241 daAuts
     D:2: 898 daAuts
     D:5: 241 daAuts
